 Dungeon Crawl Stone Soup version 0.31-a0-771-g505c3d19dc (webtiles) character file.

Game seed: 9855556105715033465

1058 Fodor the Covered (level 8, -2/69 HPs)
             Began as a Minotaur Fighter on Sept 16, 2023.
             Was an Initiate of Gozag.
             Slain by an orc warrior
             ... wielding a +0 war axe
              (10 damage)
             ... on level 6 of the Dungeon.
             The game lasted 00:30:12 (5202 turns).

Fodor the Covered (Minotaur Fighter)                Turns: 5202, Time: 00:30:13

Health: -2/69      AC: 12    Str: 22    XL:     8   Next: 6%
Magic:  7/7        EV: 10    Int: 11    God:    Gozag
Gold:   519        SH: 10    Dex: 11    Spells: 7/7 levels left

rFire   . . .        y - +0 flail
rCold   . . .        c - +0 buckler
rNeg    . . .        b - +0 scale mail
rPois   .            (helmet restricted)
rElec   .            B - +0 cloak
rCorr   .            A - +2 pair of gloves
SInv    .            (no boots)
Will    .....        a - amulet of reflection Stlth
                     l - +6 ring of intelligence
HPRegen 0.31/turn    (no ring)
MPRegen 0.10/turn

%: reflection
@: silenced
A: horns 2, retaliatory headbutt
a: Renounce Religion


You were on level 6 of the Dungeon.
You worshipped Gozag.
Gozag was pleased with you.
You visited 2 branches of the dungeon, and saw 7 of its levels.

You collected 633 gold pieces.
You paid 114 gold pieces to Gozag.

Inventory:

Hand Weapons
 y - a +0 flail (weapon)
Armour
 b - a +0 scale mail (worn)
 c - a +0 buckler (worn)
 A - a +2 pair of gloves (worn)
 B - a +0 cloak (worn)
Jewellery
 a - an amulet of reflection (around neck)
 l - a +6 ring of intelligence (left hand)
Talismans
 D - a dragon-blood talisman
Wands
 i - a wand of digging (3)
Scrolls
 e - a scroll of immolation {unknown}
 f - a scroll of acquirement {unknown}
 h - 2 scrolls of teleportation {unknown}
 k - a scroll of fog {unknown}
 n - 2 scrolls of enchant weapon
 p - a scroll of amnesia {unknown}
 q - 2 scrolls of vulnerability
 v - a scroll of noise
 E - a scroll of revelation
 F - a scroll of blinking
Potions
 z - a potion of lignification
 C - 2 potions of magic


   Skills:
 + Level 5.4 Fighting
 + Level 5.0 Long Blades
 + Level 3.8 Maces & Flails
 + Level 0.7 Throwing
 + Level 6.5 Armour
 + Level 3.3 Dodging
 + Level 0.9 Stealth
 + Level 5.9 Shields


You had 7 spell levels left.
You didn't know any spells.
Your spell library contained the following spells:

 Spells                   Type           Power      Damage    Failure   Level
 Summon Small Mammal      Summ           0%         N/A       71%         1
 Ensorcelled Hibernation  Hex/Ice        0%         N/A       83%         2
 Jinxbite                 Hex            0%         N/A       83%         2
 Sublimation of Blood     Necr           0%         N/A       83%         2
 Call Canine Familiar     Summ           0%         N/A       97%         3
 Summon Guardian Golem    Hex/Summ       0%         N/A       97%         3
 Anguish                  Hex/Necr       0%         N/A       100%        4
 Petrify                  Tmut/Erth      0%         N/A       100%        4
 Irradiate                Conj/Tmut      0%         3d11      100%        5


Dungeon Overview and Level Annotations

Branches:
Dungeon (6/15)             Temple (1/1) D:4

Altars:
Ashenzari
Cheibriados
Dithmenos
Elyvilon
Fedhas
Gozag
Hepliaklqana
Makhleb
Nemelex Xobeh
Okawaru
Ru
Trog
Uskayaw
Xom
Yredelemnul
Zin
The Shining One

Shops:
D:3 =

Annotations:
D:3 1 runed translucent door, Newt's ghost, amateur DsGl


Innate Abilities, Weirdness & Mutations

You have a pair of horns on your head.
You reflexively headbutt those who attack you in melee.


Message History

You block the orc warrior's attack.
You bludgeon the orc wizard!!
You kill the orc wizard!
The orc warrior is distracted by your dazzling golden aura.
You feel a little less mighty now.
The orc warrior is no longer distracted by gold.
The orc warrior barely misses you.
Things that are here:
6 gold pieces; a +0 dagger; a +0 robe You hit the orc warrior.
You headbutt the orc warrior, but do no damage.
The orc warrior is lightly wounded.
The orc warrior barely misses you.
The orc warrior hits you with a +0 war axe.
* * * LOW HITPOINT WARNING * * *
You barely miss the orc warrior.
The orc warrior is lightly wounded.
You block the orc warrior's attack.
You hit the orc warrior.
You headbutt the orc warrior, but do no damage.
The orc warrior is moderately wounded.
The orc warrior hits you but does no damage.
You hit the orc warrior but do no damage.
You headbutt the orc warrior.
The orc warrior is moderately wounded.
The orc warrior completely misses you. You furiously retaliate!
You headbutt the orc warrior. You closely miss the orc warrior.
The orc warrior is heavily wounded.
The orc warrior hits you with a +0 war axe.
* * * LOW HITPOINT WARNING * * *
You block the orc warrior's attack.
You sock the orc warrior!
The orc warrior is almost dead.
The orc warrior barely misses you.
You barely miss the orc warrior.
The orc warrior is almost dead.
The orc warrior hits you with a +0 war axe!
You die...
Your body crumbles into a pile of gold.

...####.##.....#.......#
#.##.....###......
#.###...## ####... ##
#.# ##### ##..
....####.###### #..
..........((.[# ##.
##.####.$....(# #.
#.o.....# ## #.@.....# #
#.......# #.......#
#($$....# #((.....#
#(......# #.........
#((((...... ######.....


You could see an orc warrior.

Vanquished Creatures
  A wraith (D:5)
  An ice beast (D:5)
  A centaur (D:6)
  A phantom (D:4)
  2 scorpions
  2 jellies (D:5)
  2 orc priests
  4 hounds
  A sleepcap (D:6)
  3 orc wizards
  5 gnolls
  4 adders
  A white imp (D:6)
  An ufetubus (D:4)
  3 worms
  2 dart slugs
  10 orcs
  5 ball pythons
  4 endoplasms
  3 giant cockroaches
  6 goblins
  8 hobgoblins
  6 jackals
  A quokka (D:1)
  8 bats
  3 frilled lizards
  7 kobolds
  9 rats
104 creatures vanquished.

Notes
Turn   | Place    | Note
-------+----------+-------------------------------------------
     0 | D:1      | Fodor the Minotaur Fighter began the quest for the Orb.
     0 | D:1      | Reached XP level 1. HP: 19/19 MP: 0/0
   139 | D:1      | Reached XP level 2. HP: 22/27 MP: 1/1
   662 | D:1      | Reached skill level 4 in Armour
   720 | D:1      | Reached XP level 3. HP: 33/33 MP: 2/2
  2133 | D:3      | Reached XP level 4. HP: 40/41 MP: 3/3
  2411 | D:3      | Reached skill level 1 in Dodging
  2411 | D:3      | Reached XP level 5. HP: 41/47 MP: 4/4
  2555 | D:3      | Found a faded altar of an unknown god.
  2603 | D:3      | Found a runed translucent door.
  2615 | D:3      | Noticed Newt's ghost (amateur DsGl)
  2922 | D:3      | Found Aschyaxt's One-of-a-Kind Rings.
  3069 | D:3      | Reached skill level 5 in Armour
  3497 | D:4      | Found a staircase to the Ecumenical Temple.
  3513 | D:4      | Noticed a phantom
  3536 | D:4      | Killed a phantom
  3537 | D:4      | Reached XP level 6. HP: 27/53 MP: 5/5
  3639 | Temple   | Entered the Ecumenical Temple
  3663 | Temple   | Became a worshipper of Gozag Ym Sagoz the Greedy
  3825 | D:4      | Found a glowing golden altar of the Shining One.
  3825 | D:4      | Found a white marble altar of Elyvilon.
  3825 | D:4      | Found a glowing silver altar of Zin.
  3890 | D:4      | Found a shadowy altar of Dithmenos.
  4124 | D:4      | Reached skill level 5 in Long Blades
  4124 | D:4      | Reached skill level 1 in Maces & Flails
  4376 | D:5      | Entered Level 5 of the Dungeon
  4404 | D:5      | Reached skill level 5 in Fighting
  4451 | D:5      | Reached XP level 7. HP: 61/61 MP: 6/6
  4453 | D:5      | Reached skill level 5 in Shields
  4469 | D:5      | Noticed a wraith
  4481 | D:5      | Killed a wraith
  4482 | D:5      | Reached skill level 6 in Armour
  4999 | D:5      | Found a blossoming altar of Fedhas.
  5032 | D:6      | Noticed a large abomination
  5176 | D:6      | HP: 3/61 [orc warrior/+0 war axe (8)]
  5181 | D:6      | Reached XP level 8. HP: 5/69 MP: 7/7
  5202 | D:6      | Slain by an orc warrior

Illustrated notes

Levels and vault maps discovered:
D:1:      ebering_hopf_link, layout_loops_corners, minmay_rat_gold_closets
D:2:      layout_basic, minmay_goblin_kobold_house
D:3:      kb_forest_paths, layout_basic, ebering_ghost_sewer_d,
          shapermc_ecumenical_altar_starsandcircs, grunt_ministairs_2,
          nicolae_shop_unique_rings, minmay_misc_feat_plants,
          serial_bayou_crossing
D:4:      layout_loops_ring, good_gods_mini_temple,
          nicolae_dithmenos_the_darkroom, minmay_temple_entry_overgrown
D:5:      layout_cave_pools, fedhas_altar_4, serial_glass, glass_columns_a,
          glass_columns_b
D:6:      layout_basic, serial_curves, eino_curves_04, eino_curves_04,
          gammafunk_ghost_abyssal_escape, uniq_sigmund
Temple:   minmay_temple_bridge_abc

Skill      XL: |  1  2  3  4  5  6  7 |
---------------+----------------------+-----
Fighting       | 4 5 |  5.4
Shields        | 4 5 |  5.9
Armour         | 4 5 6 |  6.5
Long Blades    | 3 4 5 |  5.0
Dodging        | 1 2 3 |  3.3
Maces & Flails | 1 3 |  3.8
Throwing       | |  0.7
Stealth        | |  0.9

Action                     |  1- 3 |  4- 6 |  7- 9 || total
---------------------------+-------+-------+-------++-------
  Melee: Long sword        |    88 |   115 |       ||   203
         Headbutt          |    14 |    24 |    13 ||    51
         Flail             |       |    64 |    61 ||   125
  Throw: Dart              |       |     2 |    17 ||    19
    Use: Potion            |       |     1 |    10 ||    11
         Scroll            |       |       |     9 ||     9
   Stab: Invisible         |       |     1 |       ||     1
 Armour: Scale mail        |    72 |   142 |    61 ||   275
         Skin              |       |       |   201 ||   201
  Dodge: Dodged            |    45 |   108 |    39 ||   192
  Block: Buckler           |    21 |    58 |    70 ||   149
         Reflection        |       |       |     3 ||     3

Table legend: (Time is in decaauts)
 A = Elapsed time spent in this place.
 B = Non-inter-level travel time spent in this place.
 C = Inter-level travel time spent in this place.
 D = Time resting spent in this place.
 E = Time spent auto-exploring this place.
 F = Levels seen in this place.
 G = Mean time per level.
                   A        B        C        D        E       F      G
               +--------+--------+--------+--------+--------+-----+--------+
         Total |   5305 |   4946 |    359 |    700 |      0 |   7 |  757.9 |
       Dungeon |   5257 |   4898 |    359 |    700 |      0 |   6 |  876.2 |
        Temple |     47 |     47 |      0 |      0 |      0 |   1 |   47.0 |
               +--------+--------+--------+--------+--------+-----+--------+

Top non-repeatable levels by time:
     D:3: 1233 daAuts
     D:2: 1079 daAuts
     D:1: 1069 daAuts
     D:4: 1040 daAuts
     D:5: 661 daAuts
     D:6: 172 daAuts
  Temple: 47 daAuts
